 Dungeon Crawl Stone Soup version 0.22-a0-430-g6609fc6 (webtiles) character file.

57834 Jynxie the Earth Mage (level 14, 0/84 HPs)
             Began as a Deep Elf Earth Elementalist on May 26, 2018.
             Was a High Priest of Yredelemnul.
             Slain by Saint Roka
             ... wielding a +3 great sword of holy wrath
              (26 damage)
             ... on level 2 of the Orcish Mines.
             The game lasted 03:04:30 (32061 turns).

Jynxie the Earth Mage (DEEE)                       Turns: 32061, Time: 03:04:31

Health: 0/84       AC: 16    Str:  5    XL:     14   Next: 47%
Magic:  0/39       EV: 18    Int: 26    God:    Yredelemnul [*****.]
Gold:   1829       SH:  3    Dex: 15    Spells: 7/25 levels left

rFire    . . .     SeeInvis .   Q - +6 dagger (elec)
rCold    . . .     Gourm    .   (no shield)
rNeg     . . .     Faith    .   M - +4 moon troll leather armour {Spirit, Regen++ MP+5}
rPois    +         Spirit   +   E - +2 helmet
rElec    .         Reflect  +   j - +2 cloak {MR+}
rCorr    .         Harm     .   r - +0 pair of gloves
MR       ++...                  y - +0 pair of boots
Stlth    ++........             A - +3 amulet of reflection
HPRegen  1.04/turn              m - ring of poison resistance
MPRegen  0.26/turn              K - ring of magical power

@: no status effects
A: no striking features
a: Recall Undead Slaves, Injury Mirror, Animate Dead, Drain Life, Enslave Soul,
Renounce Religion


You were on level 2 of the Orcish Mines.
You worshipped Yredelemnul.
Yredelemnul was extremely pleased with you.
You were hungry.

You visited 4 branches of the dungeon, and saw 22 of its levels.
You also visited: Bailey.

You collected 2161 gold pieces.
You spent 332 gold pieces at shops.

Inventory:

Hand Weapons
 P - a +2 dagger of pain
   (You took it off an orc wizard on level 1 of the Orcish Mines)
 Q - a +6 dagger of electrocution (weapon)
   (You found it on level 6 of the Dungeon)
Missiles
 b - 513 stones (quivered)
Armour
 h - a +2 robe of fire resistance
   (You took it off Erica on level 1 of the Orcish Mines)
 i - a +2 robe of fire resistance
   (You took it off an orc sorcerer on level 2 of the Orcish Mines)
 j - a +2 cloak of magic resistance (worn)
   (You took it off Crazy Yiuf on level 3 of the Dungeon)
 l - a +2 robe of positive energy
   (You took it off an orc sorcerer on level 1 of the Orcish Mines)
 r - a +0 pair of gloves (worn)
   (You found it on level 1 of the Dungeon)
 v - a +2 robe of the Archmagi
   (You took it off Pikel on level 4 of the Dungeon)
 y - a +0 pair of boots (worn)
   (You found it on level 5 of the Dungeon)
 z - +0 steam dragon scales
   (You took it off a centaur on level 5 of the Dungeon)
 E - a +2 helmet (worn)
   (You found it on level 8 of the Dungeon)
 F - the +2 leather armour of the Equinox {rElec rPois rN+}
   (You took it off an orc on level 5 of the Dungeon)

   It insulates you from electricity.
   It protects you from poison.
   It protects you from negative energy.
 M - the +4 moon troll leather armour (worn) {Spirit, Regen++ MP+5}
   (You took it off a kobold in a bailey)

   It affects your magic capacity (+5).
   It increases your rate of regeneration.
Magical Staves
 B - an uncursed staff of air
   (You found it on level 12 of the Dungeon)
 O - an uncursed staff of energy {!a}
   (You took it off a kobold in a bailey)
 Z - an uncursed staff of wizardry {!a}
   (You found it on level 12 of the Dungeon)
Jewellery
 m - a ring of poison resistance (left hand)
   (You found it on level 2 of the Dungeon)
 o - an uncursed ring of flight
   (You found it on level 2 of the Dungeon)
 t - an uncursed ring of protection from cold
   (You found it on level 12 of the Dungeon)
 A - a +3 amulet of reflection (around neck)
   (You bought it in a shop on level 6 of the Dungeon)
 C - the amulet of Sagoox {Acrobat -Tele rF+ rN+ Dex+6}
   (You found it on level 11 of the Dungeon)

   [amulet of the acrobat]

   It helps you evade while moving and waiting.
   It affects your dexterity (+6).
   It protects you from fire.
   It protects you from negative energy.
   It prevents most forms of teleportation.
 J - an uncursed ring of ice
   (You found it on level 9 of the Dungeon)
 K - a ring of magical power (right hand)
   (You found it on level 5 of the Dungeon)
 L - an uncursed amulet of the gourmand
   (You found it on level 10 of the Dungeon)
 N - an uncursed ring of wizardry
   (You found it on level 6 of the Lair of Beasts)
 R - an uncursed ring of resist corrosion
   (You found it on level 3 of the Lair of Beasts)
Wands
 c - a wand of disintegration (1) {!d}
   (You took it off Pikel on level 4 of the Dungeon)
 d - a wand of iceblast (4)
   (You found it on level 3 of the Dungeon)
 u - a wand of paralysis (19)
   (You found it on level 9 of the Dungeon)
 x - a wand of acid (13)
   (You found it on level 6 of the Lair of Beasts)
 T - a wand of polymorph (9)
   (You found it on level 4 of the Lair of Beasts)
Scrolls
 f - a scroll of fear
 g - 4 scrolls of amnesia
 k - 4 scrolls of fog
 n - 6 scrolls of teleportation {@r4}
 p - 4 scrolls of remove curse {@r2}
 q - a scroll of blinking
 H - a scroll of immolation {!r}
 I - 3 scrolls of magic mapping
 V - 4 scrolls of vulnerability {!r}
 X - a scroll of summoning
Potions
 a - 2 potions of haste {@q3}
 s - a potion of ambrosia
 w - a potion of resistance
 D - 3 potions of mutation {!q}
 G - 5 potions of cancellation
 S - a potion of curing {@q1}
 U - 3 potions of might
 Y - a potion of flight
Comestibles
 e - 14 rations {!d}


   Skills:
 + Level 8.9 Fighting
 + Level 5.1 Short Blades
 + Level 11.5 Dodging
 - Level 3.0 Stealth
 - Level 6.0 Spellcasting
 + Level 11.2 Conjurations
 + Level 4.9 Charms
 + Level 2.1 Necromancy
 - Level 2.0 Transmutations
 * Level 15.7 Earth Magic
 + Level 10.1 Invocations


You had 7 spell levels left.
You knew the following spells:

 Your Spells              Type           Power        Failure   Level  Hunger
a - Sandblast             Erth           ######       1%          1    None
c - Passwall              Tmut/Erth      ######..     1%          2    None
d - Lee's Rapid Deconstr  Erth           ######....   1%          5    #####..
e - Petrify               Tmut/Erth      ######..     3%          4    ###....
f - Regeneration          Chrm/Necr      ####......   9%          3    None
z - Stone Arrow           Conj/Erth      ######       1%          3    None

Your spell library contained the following spells:

 Spells                   Type           Power        Failure   Level  Hunger
 Cause Fear               Hex            #.........   75%         4    ###....
 Magic Dart               Conj           ####         1%          1    None
 Apportation              Tloc           #.....       12%         1    None
 Conjure Flame            Conj/Fire      #####...     3%          3    None
 Slow                     Hex            #.......     17%         2    None
 Confuse                  Hex            #.......     34%         3    None
 Throw Frost              Conj/Ice       #####.       1%          2    None
 Controlled Blink         Tloc           N/A          100%        8    #######
 Mephitic Cloud           Conj/Pois/Air  ####....     8%          3    None
 Summon Small Mammal      Summ           #...         12%         1    None
 Blink                    Tloc           N/A          17%         2    None
 Animate Dead             Necr           N/A          43%         4    ###....
 Pain                     Necr           ###.         4%          1    None
 Animate Skeleton         Necr           N/A          4%          1    None
 Vampiric Draining        Necr           ###.......   14%         3    None
 Freeze                   Ice            #...         12%         1    None
 Summon Ice Beast         Ice/Summ       #.......     75%         4    ###....
 Ozocubu's Armour         Chrm/Ice       ###.....     13%         3    None
 Call Imp                 Summ           #.......     17%         2    None
 Recall                   Summ/Tloc      N/A          34%         3    None
 Statue Form              Tmut/Erth      ######...    43%         6    ######.
 Dragon Form              Tmut           ###.......   100%        7    #######
 Throw Icicle             Conj/Ice       #####...     12%         4    ###....
 Confusing Touch          Hex            #.....       12%         1    None
 Flame Tongue             Conj/Fire      #####        1%          1    None
 Metabolic Englaciation   Hex/Ice        #.........   97%         5    #####..
 Portal Projectile        Hex/Tloc       #.....       34%         3    None
 Passage of Golubria      Tloc           N/A          75%         4    ###....
 Leda's Liquefaction      Hex/Erth       #####.....   4%          4    ###....
 Darkness                 Hex            #.........   100%        6    ######.
 Hydra Form               Tmut           ###.......   100%        6    ######.
 Irradiate                Conj/Tmut      #####.....   21%         5    #####..
 Gell's Gravitas          Tloc           #.........   34%         3    None
 Yara's Violent Unravell  Hex/Tmut       ##........   91%         5    #####..


Dungeon Overview and Level Annotations

Branches:
Dungeon (13/15)            Temple (1/1) D:4            Lair (6/6) D:8
 Shoals (0/4) Lair:4       Spider (0/4) Lair:4        Slime (0/5) Lair:6
    Orc (2/2) D:12            Elf (0/3) Orc:2
 Vaults: D:13-14

Altars:
Ashenzari
Cheibriados
Dithmenos
Elyvilon
Fedhas
Gozag
Hepliaklqana
Kikubaaqudgha
Makhleb
Nemelex Xobeh
Okawaru
Qazlal
Ru
Sif Muna
Trog
Uskayaw
Vehumet
Wu Jian
Xom
Yredelemnul
Zin
The Shining One

Shops:
D:6 *

Annotations:
Orc:2 Saint Roka


Message History

You start resting.
Saint Roka shouts!
Saint Roka roars a battlecry!
Aim: Saint Roka, wielding a great sword of holy wrath and wearing a plate armour (chance to defeat MR: 23%) Saint Roka resists with almost no effort.
Aim: Saint Roka, wielding a great sword of holy wrath and wearing a plate armour (chance to defeat MR: 23%) Saint Roka is moving more slowly.
Saint Roka mumbles some strange prayers to Beogh against you.
Beogh smites you!
Saint Roka mumbles some strange prayers to Beogh against you.
Beogh smites you!
You hear a shout!
Wield which item (- for none, * to show all)? (? for menu, Esc to quit)
You hear the crackle of electricity.
Q - a +6 dagger of electrocution (weapon)
Saint Roka calls down the wrath of Beogh upon you.
Beogh smites you!
You don't know that spell.
Unknown command.
Aim: Saint Roka, wielding a great sword of holy wrath and wearing a plate armour (slowly petrifying)
The stone arrow hits Saint Roka.
Aim: Saint Roka, wielding a great sword of holy wrath and wearing a plate armour (slowly petrifying)
The stone arrow hits Saint Roka.
You block Saint Roka's attack.
You completely miss Saint Roka.
Saint Roka stops moving altogether!
The orc warrior hits you from afar with a trident of protection!
Aim: Saint Roka, wielding a great sword of holy wrath and wearing a plate armour (petrified)
You fail to use your ability.
The orc warrior completely misses you.
Aim: Saint Roka, wielding a great sword of holy wrath and wearing a plate armour (petrified) Saint Roka's soul is now ripe for the taking.
You are feeling hungry.
The orc warrior closely misses you.
The helpless Saint Roka fails to defend himself.
You impale Saint Roka!! Lightning courses through Saint Roka!
The helpless Saint Roka fails to defend himself.
You impale Saint Roka!!
The orc warrior hits you from afar with a trident of protection!!
* * * LOW HITPOINT WARNING * * *
The helpless Saint Roka fails to defend himself.
You impale Saint Roka!! Lightning courses through Saint Roka!
The orc warrior hits you from afar with a trident of protection!
* * * LOW HITPOINT WARNING * * *
The helpless Saint Roka fails to defend himself.
You impale Saint Roka!!
The helpless Saint Roka fails to defend himself.
You impale Saint Roka!!
Saint Roka is no longer petrified.
The orc warrior no longer looks unusually strong.
The orc warrior barely misses you.
Saint Roka hits you with a great sword of holy wrath!!
You die...
Your body rises from the dead as a mindless zombie.

(..(.###.#*..>....######......#.#
(.......####........#.#........(.
........#...................)..(#
.......[...................[[<[..
............#.#.............)[)..
.....#...)..###......(....#))[)..
.#.###.).....###....).(.####[....
.)[..#........##..([(((([##[.....
..##............@oo((.(...().....
...#....(.....)$.(.(...((...(..##
.......(#........[([.(...((((....
....(...#........[)(#(....(.(....
.......####(......)###...........
...##.######.......#.#...........
##...####.##......#.)...........#
#...## #...........#.....##.##.##
#....###........#.#####.##.#####


You could see Saint Roka and an orc warrior.

Vanquished Creatures
  The ghost of Totori the Fighter, a journeyman MiCK of Xom (Lair:1)
  Snorg (D:12)
  An ettin (Orc:1)
  3 fire dragons
  Josephine (Orc:1)
  Harold (Lair:1)
  4 hydras
  Erica (Orc:1)
  2 two-headed ogres
  Urug (D:10)
  Nergalle (Orc:1)
  Pikel (D:4)
  A swamp dragon (Lair:6)
  4 orc sorcerers
  2 lindwurms (Lair:6)
  7 orc knights
  2 cyclopes (D:11)
  An oklob plant (Lair:5)
  2 ugly things
  A manticore (Lair:4)
  A black mamba (Lair:6)
  Maurice (D:11)
  6 torpor snails (Lair:6)
  7 spiny frogs
  6 rime drakes
  A kobold demonologist (D:9)
  5 komodo dragons
  2 polar bears
  11 hornets
  3 tyrant leeches (Lair:6)
  7 trolls
  12 blink frogs
  The ghost of Veiltonx the Cutter, an amateur HaWr (D:3)
  7 hippogriffs
  6 dream sheep (Lair:6)
  A redback (Lair:4)
  4 wraiths
  2 wyverns
  2 shadows (D:11)
  2 basilisks
  14 yaks
  2 steam dragons
  2 hungry ghosts (D:9)
  The ghost of Jynxie the Cudgeler, an amateur HaAK of Lugonu (D:4)
  An acid dragon (D:11)
  2 wargs (Orc:1)
  6 water moccasins
  7 porcupines
  A swamp drake (Lair:6)
  33 orc warriors
  3 slaves
  3 ice beasts
  A sky beast (D:9)
  2 black bears
  2 necrophages
  11 ogres
  17 centaurs
  6 wolves (Lair:1)
  10 crocodiles
  12 big kobolds
  14 bullfrogs
  4 scorpions
  4 jellies
  12 wights
  2 howler monkeys (D:5)
  4 electric eels
  3 crimson imps
  3 centaur zombies
  A quasit (D:9)
  Crazy Yiuf (D:3)
  6 orc priests
  6 hounds
  Jessica (D:2)
  17 orc wizards
  Natasha (thrice) (D:1)
  4 iguanas
  7 worker ants
  3 worker ant zombies
  A howler monkey zombie (D:11)
  9 gnolls
  11 adders
  6 shadow imps
  4 oozes
  An adder skeleton (D:5)
  2 worms
  A dart slug (D:1)
  6 leopard geckos
  58 orcs
  7 giant cockroaches
  11 hobgoblins
  7 jackals
  4 quokkas
  2 ball pythons
  A ball python skeleton (D:4)
  12 bats
  9 frilled lizards
  10 goblins
  A jackal zombie (D:6)
  37 kobolds
  2 quokka zombies
  14 rats
  A fungus (Lair:4)
  3 plants (Lair:6)
576 creatures vanquished.

Vanquished Creatures (collateral kills)
  Rupert (D:12)
  An orc knight (Orc:2)
  A blink frog (Lair:5)
  A hippogriff (D:12)
  A water elemental (D:12)
  A warg (Orc:2)
  A water moccasin (Lair:5)
  2 porcupines
  6 orc warriors
  A centaur (D:12)
  A crocodile (Lair:5)
  A bullfrog (Lair:5)
  2 orc priests
  2 orc wizards (Orc:2)
  10 orcs
  A goblin (Bailey)
  A bush (Lair:5)
  A fungus (Lair:2)
35 creatures vanquished.

Vanquished Creatures (others)
  A komodo dragon (Lair:6)
  A blink frog (Lair:6)
  A hippogriff (Lair:6)
  4 flying skulls (Orc:2)
  3 wraiths
  A vampire (D:12)
  A two-headed ogre zombie (D:12)
  An orc warrior (Orc:2)
  A centaur (Orc:2)
  A hippogriff zombie (D:12)
  A warg zombie (Orc:2)
  3 wights
  3 wolf zombies (Lair:1)
  A centaur zombie (Orc:2)
  A hound (D:5)
  4 worker ants (D:5)
  A mummy (Lair:3)
  14 orc zombies
  3 orcs
  A goblin skeleton (Bailey)
  A kobold skeleton (Bailey)
  2 kobold zombies (Bailey)
  8 orc skeletons
  16 plants
74 creatures vanquished.

Grand Total: 685 creatures vanquished

Notes
Turn   | Place    | Note
-------+----------+-------------------------------------------
     0 | D:1      | Jynxie the Deep Elf Earth Elementalist began the quest for the Orb.
     0 | D:1      | Reached XP level 1. HP: 10/10 MP: 6/6
   185 | D:1      | Reached XP level 2. HP: 15/15 MP: 5/8
   978 | D:1      | Reached XP level 3. HP: 16/20 MP: 5/9
  1203 | D:1      | Learned a level 3 spell: Stone Arrow
  1206 | D:1      | Learned a level 2 spell: Passwall
  1902 | D:2      | Reached skill level 4 in Earth Magic
  2006 | D:2      | Noticed Natasha
  2077 | D:2      | Noticed Jessica
  2091 | D:1      | Killed Natasha
  2091 | D:1      | Reached skill level 1 in Fighting
  2091 | D:1      | Reached XP level 4. HP: 23/25 MP: 1/10
  2298 | D:1      | Noticed Natasha
  2303 | D:1      | Killed Natasha
  2303 | D:1      | Reached skill level 1 in Conjurations
  2895 | D:1      | Noticed Natasha
  2900 | D:1      | Killed Natasha
  2982 | D:2      | Killed Jessica
  2982 | D:2      | Reached XP level 5. HP: 29/29 MP: 1/11
  3470 | D:2      | Found a burning altar of Makhleb.
  3682 | D:2      | Found a white marble altar of Elyvilon.
  3756 | D:2      | Reached skill level 5 in Earth Magic
  4579 | D:3      | Reached XP level 6. HP: 35/35 MP: 3/13
  4820 | D:3      | Noticed Veiltonx's ghost (amateur HaWr)
  4826 | D:3      | Killed Veiltonx's ghost
  4833 | D:3      | Learned a level 5 spell: Lee's Rapid Deconstruction
  4923 | D:3      | Reached skill level 6 in Earth Magic
  5041 | D:3      | Found a runed door.
  5302 | D:3      | Noticed Crazy Yiuf
  5307 | D:3      | Killed Crazy Yiuf
  5515 | D:4      | Noticed Jynxie's ghost (amateur HaAK)
  5524 | D:4      | Killed Jynxie's ghost
  5524 | D:4      | Reached XP level 7. HP: 38/40 MP: 2/15
  5703 | D:4      | Found a staircase to the Ecumenical Temple.
  5717 | D:4      | Found an ancient bone altar of Kikubaaqudgha.
  5979 | D:4      | Noticed Pikel
  6546 | D:4      | Killed Pikel
  6546 | D:4      | Reached skill level 5 in Spellcasting
  6546 | D:4      | Reached skill level 7 in Earth Magic
  6546 | D:4      | Reached XP level 8. HP: 39/46 MP: 0/18
  6578 | D:4      | Found a stormy altar of Qazlal.
  6690 | D:4      | Noticed an air elemental
  6750 | D:5      | Entered Level 5 of the Dungeon
  6971 | D:5      | Found a shimmering altar of Xom.
  7141 | D:5      | Reached skill level 8 in Earth Magic
  7765 | D:5      | Got a smoking leather armour
  8097 | Temple   | Entered the Ecumenical Temple
  8126 | Temple   | Became a worshipper of Yredelemnul the Dark
  8162 | Temple   | Identified the +2 leather armour of the Equinox {rElec rPois rN+} (You took it off an orc on level 5 of the Dungeon)
  8557 | D:6      | You fall through a shaft!
  8827 | D:6      | Found Niecluy's General Store.
  8831 | D:6      | Bought a scroll of fog for 24 gold pieces
  8831 | D:6      | Bought a potion of resistance for 120 gold pieces
  8831 | D:6      | Bought a +3 amulet of reflection for 188 gold pieces
  8953 | D:6      | Reached skill level 5 in Conjurations
  9032 | D:6      | Found a shadowy altar of Dithmenos.
  9103 | D:6      | Learned a level 4 spell: Petrify
  9217 | D:6      | Reached skill level 1 in Invocations
  9509 | D:7      | Reached XP level 9. HP: 47/52 MP: 16/20
  9579 | D:7      | Found an opulent altar of Gozag.
  9735 | D:7      | Reached skill level 9 in Earth Magic
 10013 | D:7      | Reached * piety under Yredelemnul
 10624 | D:8      | Found a staircase to the Lair.
 10780 | D:8      | Reached skill level 5 in Dodging
 11284 | D:8      | Found a shattered altar of Ashenzari.
 11349 | D:9      | Reached skill level 10 in Earth Magic
 11430 | D:9      | Reached skill level 5 in Fighting
 11447 | D:9      | Reached XP level 10. HP: 59/59 MP: 0/21
 11531 | D:9      | Found a bloodstained altar of Trog.
 11531 | D:9      | Found a hide-covered altar of Uskayaw.
 11664 | D:9      | Reached ** piety under Yredelemnul
 12161 | D:10     | Entered Level 10 of the Dungeon
 12239 | D:10     | Noticed Urug
 12257 | D:10     | Killed Urug
 12257 | D:10     | Reached skill level 11 in Earth Magic
 12518 | D:10     | Reached skill level 5 in Invocations
 12937 | D:10     | Noticed a two-headed ogre
 12940 | D:10     | Killed a two-headed ogre
 13092 | D:11     | Reached XP level 11. HP: 64/64 MP: 15/22
 13112 | D:11     | Noticed Maurice
 13120 | D:11     | Killed Maurice
 13272 | D:11     | Found a flagged portal.
 13278 | Bailey   | Entered a bailey
 13588 | Bailey   | Noticed an orc knight
 13665 | Bailey   | Reached *** piety under Yredelemnul
 14045 | Bailey   | Killed an orc knight
 14836 | D:11     | Reached skill level 12 in Earth Magic
 14865 | D:11     | Identified a scroll of acquirement
 14866 | D:11     | Identified the Almanac of Dislocation (You acquired it on level 11 of the Dungeon)
 15608 | D:11     | Got a sparkling brass amulet
 15617 | D:11     | Identified the amulet of Sagoox {Acrobat -Tele rF+ rN+ Dex+6} (You found it on level 11 of the Dungeon)
 15787 | D:11     | Noticed a brown ugly thing
 15791 | D:11     | Killed a brown ugly thing
 15913 | Lair:1   | Entered Level 1 of the Lair of Beasts
 15939 | Lair:1   | Noticed Harold
 15963 | Lair:1   | Killed Harold
 15968 | Lair:1   | Noticed a four-headed hydra
 16130 | D:8      | Killed a four-headed hydra
 16364 | Lair:1   | Noticed Totori's ghost (journeyman MiCK)
 17888 | Lair:1   | Killed Totori's ghost
 18250 | Lair:1   | Reached XP level 12. HP: 71/71 MP: 23/23
 18252 | Lair:1   | Reached **** piety under Yredelemnul
 18252 | Lair:1   | Reached skill level 13 in Earth Magic
 19612 | Lair:2   | Received a gift from Yredelemnul (a mummy)
 20208 | Lair:3   | Noticed a five-headed hydra
 20219 | Lair:3   | Killed a five-headed hydra
 21719 | Lair:4   | Found a staircase to the Shoals.
 21912 | Lair:4   | Found a hole to the Spider Nest.
 22641 | Lair:5   | Reached skill level 14 in Earth Magic
 22858 | Lair:5   | Reached skill level 1 in Short Blades
 23009 | Lair:5   | Reached skill level 10 in Conjurations
 23053 | Lair:5   | Received a gift from Yredelemnul (a wight)
 23100 | Lair:5   | Noticed a four-headed hydra
 23121 | Lair:5   | Killed a six-headed hydra
 23121 | Lair:5   | Reached skill level 10 in Dodging
 23530 | Lair:6   | Entered Level 6 of the Lair of Beasts
 23530 | Lair:6   | Noticed a seven-headed hydra
 23541 | Lair:6   | Killed a seven-headed hydra
 23541 | Lair:6   | Reached XP level 13. HP: 53/78 MP: 23/24
 24033 | Lair:6   | Received a gift from Yredelemnul (a wraith)
 24058 | Lair:6   | Found a staircase to the Slime Pits.
 24666 | Lair:6   | Noticed a fire dragon
 25016 | Lair:6   | Found a runed door.
 25664 | Lair:6   | Received a gift from Yredelemnul (a wraith)
 25998 | Lair:6   | Killed a fire dragon
 26105 | Lair:6   | Identified the Collected Works on Execration and Ignition (You acquired it on level 6 of the Lair of Beasts)
 26124 | Lair:6   | Learned a level 3 spell: Regeneration
 26227 | Lair:6   | Noticed a fire dragon
 26243 | Lair:6   | Killed a fire dragon
 26305 | Lair:6   | Reached skill level 15 in Earth Magic
 26546 | D:12     | Reached skill level 1 in Charms
 26605 | D:12     | Noticed Rupert
 26622 | D:12     | Killed Rupert
 26660 | D:12     | Found a staircase to the Orcish Mines.
 26692 | D:12     | Received a gift from Yredelemnul (a vampire)
 26737 | D:12     | Noticed a fire dragon
 27096 | D:12     | Noticed Snorg
 27107 | D:12     | Killed Snorg
 27562 | D:12     | Killed a fire dragon
 27812 | Orc:1    | Entered Level 1 of the Orcish Mines
 28007 | Orc:1    | Noticed Nergalle
 28011 | Orc:1    | Killed Nergalle
 28063 | Orc:1    | Reached XP level 14. HP: 84/84 MP: 12/25
 28101 | Orc:1    | Noticed Josephine
 28346 | Orc:1    | Killed Josephine
 28350 | Orc:1    | Noticed Erica
 28470 | Orc:1    | Killed Erica
 28967 | Orc:1    | Reached ***** piety under Yredelemnul
 29623 | Orc:2    | Entered Level 2 of the Orcish Mines
 29630 | Orc:2    | Received a gift from Yredelemnul (a wight)
 29873 | Orc:2    | Received a gift from Yredelemnul (a wraith)
 30013 | Orc:2    | Reached skill level 1 in Necromancy
 30098 | Orc:2    | Received a gift from Yredelemnul (a wight)
 30123 | Orc:2    | Found a staircase to the Elven Halls.
 30319 | Orc:2    | Received a gift from Yredelemnul (4 flying skulls)
 30348 | Orc:2    | Noticed Saint Roka
 30528 | Orc:2    | Reached skill level 10 in Invocations
 30618 | Orc:2    | Reached skill level 5 in Short Blades
 32061 | Orc:2    | Slain by Saint Roka

Vault maps used:
D:1:      eino_arrival_tree_alley, serial_glass, glass_columns_b,
          glass_columns_a
D:2:      overflow_temple_1_default, bloody_makhleb, uniq_jessica, uniq_natasha
D:3:      uniq_crazy_yiuf_cottage
D:4:      lemuel_crystal_altar, minmay_temple_entry_from_below_a, first_ration,
          nicolae_qazlal_style_of_elements, uniq_pikel
D:5:      xom_confusion_cloud
D:6:      old_standard_altar, serial_shops, shop, lexackson_kobold_supper
D:7:      old_standard_altar
D:8:      lemuel_round_altar, lair_entry_dummy
D:9:      gammafunk_temple_overflow_elements, special_room
D:10:     uniq_urug
D:11:     enter_bailey_2, uniq_maurice
D:12:     dragon1_lemuel, orc_0_dummy, uniq_rupert, uniq_snorg
D:13:     hangedman_vaults_entry_quadrant_bands, basic_altar, uniq_azrael
Temple:   oiseaux_autumnal_temple
Lair:1:   uniq_harold
Lair:2:   serial_bayou_lagoon_b
Lair:3:   serial_bayou_shore_b
Lair:4:   minmay_shoals_entry_beasts, spider_nest_entry_rubble
Lair:5:   dpeg_oklob_shooting_range, lemuel_fruit_tree
Lair:6:   wormcave, guppyfry_lair_end_dragon, nicolae_slime_entry_slimehenge,
          serial_bayou_shore_b
Orc:1:    uniq_nergalle, uniq_erica, uniq_josephine
Orc:2:    st_orc_rangers, uniq_saint_roka
Bailey:   bailey_axe_4, bailey

Skill      XL: |  1  2  3  4  5  6  7  8  9 10 11 12 13 14 |
---------------+-------------------------------------------+-----
Stealth        | 3 |  3.0
Dodging        | 3 4 5 7 8 10 11 | 11.5
Earth Magic    | 4 5 6 7 8 10 11 12 14 15 | 15.7
Fighting       | 1 2 3 4 5 6 7 8 |  8.9
Conjurations   | 1 2 3 4 5 6 7 9 10 11 | 11.2
Transmutations | 2 |  2.0
Spellcasting   | 4 5 6 |  6.0
Invocations    | 1 3 5 7 8 9 10 | 10.1
Short Blades   | 1 4 5 |  5.1
Charms         | 2 4 |  4.9
Necromancy     | 2 |  2.1

Action                   |  1- 3 |  4- 6 |  7- 9 | 10-12 | 13-15 || total
-------------------------+-------+-------+-------+-------+-------++-------
Melee: Dagger            |   106 |    55 |   147 |   127 |   233 ||   668
       Staff             |       |       |       |     2 |     4 ||     6
Throw: Throwing net      |       |       |       |     1 |       ||     1
 Cast: Sandblast         |    31 |    15 |    20 |    71 |    32 ||   169
       Stone Arrow       |    13 |    60 |   149 |   309 |   159 ||   690
       Lee's Rapid Decon |       |       |     8 |    66 |   142 ||   216
       Petrify           |       |       |     1 |    70 |    74 ||   145
       Regeneration      |       |       |       |       |     5 ||     5
Invok: Animate Dead      |       |       |       |     4 |     6 ||    10
       Recall Undead Sla |       |       |       |     1 |       ||     1
       Enslave Soul      |       |       |       |       |     1 ||     1
 Abil: Evoke Flight      |       |       |       |     1 |       ||     1
Evoke: Wand              |       |       |     2 |     9 |       ||    11
       Staff of energy   |       |       |       |     5 |     2 ||     7
  Use: Scroll            |     2 |     3 |     9 |    22 |     9 ||    45
       Potion            |     2 |       |       |     7 |     2 ||    11
 Stab: Sleeping          |       |     3 |     3 |     3 |       ||     9
       Petrified         |       |       |     6 |    64 |    59 ||   129
       Petrifying        |       |       |       |     1 |     1 ||     2
  Eat: Chunk             |     3 |     9 |    21 |    36 |    24 ||    93
       Ration            |       |     3 |       |     6 |     2 ||    11
Armor: Robe              |    25 |    21 |    12 |    13 |       ||    71
       Troll leather arm |       |       |       |    65 |   109 ||   174
Dodge: Dodged            |    78 |    40 |    50 |   190 |   330 ||   688
Block: Other             |       |       |     3 |    32 |    38 ||    73
       Reflection        |       |       |       |     2 |     8 ||    10

Table legend:
 A = Spawn XP
 B = Non-spawn XP
 C = Spawn XP percentage of total XP
 D = Spawn monster count
 E = Non-spawn monster count
 F = Spawn count percentage of total count
 G = Total turns spent on level
                    A         B        C        D         E        F      G
               +---------+---------+-------+---------+---------+-------+---------
         Total |       0 |   82621 |   0.0 |       0 |     606 |   0.0 | 32061
               +---------+---------+-------+---------+---------+-------+---------
           D:1 |       0 |     157 |   0.0 |       0 |      34 |   0.0 |  2800
           D:2 |       0 |     112 |   0.0 |       0 |      25 |   0.0 |  1152
           D:3 |       0 |     448 |   0.0 |       0 |      33 |   0.0 |  1649
           D:4 |       0 |     895 |   0.0 |       0 |       8 |   0.0 |  1298
           D:5 |       0 |     583 |   0.0 |       0 |      27 |   0.0 |  1220
           D:6 |       0 |     546 |   0.0 |       0 |      25 |   0.0 |  1112
           D:7 |       0 |     797 |   0.0 |       0 |      24 |   0.0 |  1239
           D:8 |       0 |    2188 |   0.0 |       0 |      20 |   0.0 |  1838
           D:9 |       0 |    2889 |   0.0 |       0 |      29 |   0.0 |   847
          D:10 |       0 |    3071 |   0.0 |       0 |      20 |   0.0 |   982
          D:11 |       0 |    3960 |   0.0 |       0 |      26 |   0.0 |  1422
          D:12 |       0 |    8699 |   0.0 |       0 |      31 |   0.0 |  2276
        Lair:1 |       0 |    6903 |   0.0 |       0 |      30 |   0.0 |  2199
        Lair:2 |       0 |    1570 |   0.0 |       0 |       7 |   0.0 |  1027
        Lair:3 |       0 |    3144 |   0.0 |       0 |      11 |   0.0 |   758
        Lair:4 |       0 |    3746 |   0.0 |       0 |      18 |   0.0 |  1337
        Lair:5 |       0 |    5089 |   0.0 |       0 |      21 |   0.0 |  1523
        Lair:6 |       0 |   18556 |   0.0 |       0 |      60 |   0.0 |  2504
         Orc:1 |       0 |    8562 |   0.0 |       0 |      51 |   0.0 |  2127
         Orc:2 |       0 |    9469 |   0.0 |       0 |      79 |   0.0 |  1119
        Bailey |       0 |    1237 |   0.0 |       0 |      27 |   0.0 |  1366
               +---------+---------+-------+---------+---------+-------+---------
